Map: Nightshade LE

Players

Kelsorg - Winner!

  • Race: Zerg Zerg
  • Spawn Location: 11:00

VOD

Have the link to the VOD?

Description

Time

  • Played on: May 24, 2020, 5:39 a.m.
  • Length: 11:09
Show
View Real Time Build Order
Export as new Build Order

Kelsorg Zerg - Winner!

Build Orders: Hatch First 

Get SALT Encoding   

  12  0:03  Drone  
  12  0:17  Overlord  
  12  0:32  Drone  
  12  0:47  Hatchery, Drone  
  12  1:05  Spawning Pool  
  12  1:06  Drone  
  12  1:09  Drone  
  12  1:14  Drone  
  12  1:40  Overlord  
  12  1:41  Overlord  
  12  1:42  Drone  
  12  1:50  Extractor  
  12  1:52  Queen  
  12  1:59  Queen  
  12  2:08  Drone x3  
  12  2:26  Extractor, Drone  
  12  2:27  Drone  
  12  2:28  Drone  
  12  2:29  Drone  
  12  2:34  Queen  
  12  2:40  Drone x2  
  12  2:42  Drone  
  12  2:45  Drone  
  12  2:52  Drone  
  12  3:06  Drone x5  
  12  3:09  Overlord  
  12  3:22  Drone  
  12  3:24  Roach Warren  
  12  3:54  Queen  
  12  4:01  Hatchery  
  12  4:16  Drone  
  12  4:17  Drone  
  12  4:18  Drone  
  12  4:19  Drone  
  12  4:20  Drone x2  
  12  4:21  Drone x2  
  12  4:28  Extractor  
  12  4:29  Extractor, Drone x2  
  12  4:30  Drone  
  12  4:58  Drone  
  12  5:00  Drone  
  12  5:01  Drone  
  12  5:02  Drone  
  12  5:07  Overlord x6  
  12  5:29  Drone  
  12  5:34  Drone  
  12  5:35  Drone x9  
  12  5:47  Lair  
  12  5:59  Hatchery  
  12  6:19  Drone  
  12  6:20  Drone x2  
  12  6:21  Drone x2  
  12  6:22  Drone x2  
  12  6:27  Extractor x2  
  12  6:28  Drone  
  12  6:29  Drone  
  12  6:31  Drone x3  
  12  6:33  Drone x2  
  12  6:34  Drone  
  12  7:06  Hydralisk Den, Drone  
  12  7:12  Hatchery  
  12  7:26  Drone x2  
  12  7:28  Drone  
  12  7:29  Drone x2  
  12  7:30  Drone x2  
  12  7:31  Drone x3  
  12  7:32  Drone x2  
  12  7:33  Drone x3  
  12  7:34  Drone  
  12  7:37  Drone  
  12  7:38  Drone  
  12  7:40  Drone x2  
  12  7:41  Drone  
  12  7:42  Drone x2  
  12  7:43  Drone  
  12  7:49  Extractor  
  12  7:53  Extractor  
  12  8:04  Queen  
  12  8:30  Overlord x3  
  12  8:31  Overlord x6  
  12  8:32  Overlord x5  
  12  8:35  Hydralisk  
  12  8:36  Hydralisk x9  
  12  9:03  Hydralisk x11  
  12  9:04  Hydralisk x6  
  12  9:10  Overlord x9  
  12  9:13  Hydralisk x3  
  12  9:33  Hydralisk x10  
  12  9:39  Hydralisk  
  12  9:40  Hydralisk x6  
  12  9:52  Hydralisk x4  
  12  9:55  Overlord x6  
  12  9:57  Overlord  
  12  10:15  Overlord  
  12  10:16  Overlord x12  
  12  10:20  Overlord  
Tags
 
Add a new tag
Caveats
  • Supply blocks, unpowered buildings, or Contaminate may cause inaccurate times.
  • Supply counts are checked every 10 seconds.